 Dungeon Crawl Stone Soup version 0.19.4-9-g45fd643 (webtiles) character file.

4558 Gargoyl the Cleaver (level 10, -4/84 HPs)
             Began as a Ghoul Abyssal Knight on Feb 16, 2017.
             Was an Elder of Lugonu.
             Slain by a yak (6 damage)
             ... on level 8 of the Dungeon.
             The game lasted 00:16:20 (6646 turns).

Gargoyl the Cleaver (Ghoul Abyssal Knight)          Turns: 6646, Time: 00:16:21

Health: -4/84      AC: 20    Str: 22    XL:     10   Next: 40%
Magic:  14/14      EV:  8    Int:  7    God:    Lugonu [****..]
Gold:   194        SH:  0    Dex: 14    Spells: 0 memorised, 9 levels left

rFire  + . .     SeeInvis .     a - +3 hand axe (drain)
rCold  + . .     Gourm    .     H - +0 plate armour (curse)
rNeg   + + +     Faith    .     (no shield)
rPois  ∞         Spirit   .     o - +2 helmet
rElec  .         Reflect  .     G - +1 cloak
rCorr  .         Harm     .     F - +0 pair of gloves
MR     .....                    (no boots)
Stlth  ..........               (no amulet)
                                k - +3 ring of dexterity
                                j - ring of protection from fire

@: mighty, rotting
A: rotting body, claws 1, carnivore 3, cold resistance 1, negative energy
resistance 3, slow regeneration 1, torment resistance, unbreathing
a: Depart the Abyss, Bend Space, Banish, Corrupt, Renounce Religion


You were on level 8 of the Dungeon.
You worshipped Lugonu.
Lugonu was greatly pleased with you.
You were not hungry.

You visited 1 branch of the dungeon, and saw 8 of its levels.
You visited the Abyss 1 time.

You collected 403 gold pieces.
You spent 209 gold pieces at shops.

Inventory:

Hand Weapons
 a - a +3 hand axe of draining (weapon)
 w - a +0 war axe of flaming
Missiles
 y - 6 tomahawks (quivered)
Armour
 o - a +2 helmet (worn)
 F - a +0 pair of gloves (worn)
 G - a +1 cloak (worn)
 H - a cursed +0 plate armour (worn)
Jewellery
 j - a ring of protection from fire (left hand)
 k - a +3 ring of dexterity (right hand)
Wands
 n - a wand of iceblast (8/15)
 r - a wand of enslavement (7/24)
 B - a wand of random effects (6/48)
 E - a wand of iceblast (8/15)
Scrolls
 g - 2 scrolls of identify
 h - 3 scrolls of fog
 i - a scroll of amnesia
 t - a scroll of teleportation
 C - 2 scrolls of remove curse
Potions
 e - 4 potions of curing
 m - a potion of mutation
 p - a potion of agility
 q - a potion of ambrosia
 s - a potion of might
Books
 b - a book of Air

   Spells                             Type                      Level
   a - Shock                          Conjuration/Air              1
   b - Swiftness                      Charms/Air                   2
   c - Repel Missiles                 Charms/Air                   2
   d - Static Discharge               Conjuration/Air              3
   e - Lightning Bolt                 Conjuration/Air              5
 d - a book of Cantrips

   Spells                             Type                      Level
   a - Confusing Touch                Hexes                        1
   b - Animate Skeleton               Necromancy                   1
   c - Summon Small Mammal            Summoning                    1
   d - Apportation                    Translocation                1
Comestibles
 c - 6 meat rations
 f - a beef jerky
 l - a royal jelly


   Skills:
 + Level 6.9 Fighting
 + Level 8.3 Axes
 + Level 0.3 Throwing
 * Level 7.8 Armour
 + Level 2.8 Dodging
 * Level 6.7 Invocations


You had 9 spell levels left.
You didn't know any spells.

Dungeon Overview and Level Annotations

Branches:
Dungeon (8/15)             Temple (0/1) D:5
   Lair: D:8-11

Altars:

Shops:
D:4 (   D:5 !


Innate Abilities, Weirdness & Mutations

Your body is rotting away.
You thrive on raw meat.
You are immune to poison.
You have sharp fingernails.
You are carnivorous and can eat meat at any time.
Your flesh is cold resistant. (rC+)
You are immune to negative energy. (rN+++)
You regenerate slowly when monsters are visible.
You are immune to unholy pain and torment.
You can survive without breathing.


Message History

Things that are here:
a yak corpse x3
You slash the porcupine!
The porcupine is almost dead.
The porcupine bites you.
* * * LOW HITPOINT WARNING * * *
The porcupine bites you but does no damage.
You are struck by the porcupine's spines.
* * * LOW HITPOINT WARNING * * *
You slash the porcupine!
You kill the porcupine!
Lugonu accepts your kill.
You slash the yak!
The yak is almost dead.
The yak gores you but does no damage.
You hit the yak but do no damage.
The yak is almost dead.
The yak snorts and paws the ground.
The yak gores you.
You die...

#.##.# ####..#.#
#.##.. ..##..#.###
#.#### #.##......
#.# #.##Y...#
#.###########.#....
#.............##o#
##############rY[#
#Y### #@# #/# #.#
#.# #.# ..# ###


You could see 2 yaks, a river rat and an orc.

Vanquished Creatures
  A hornet (D:6)
  A hippogriff (D:6)
  10 yaks (D:8)
  A hungry ghost (D:7)
  A steam dragon (D:7)
  2 porcupines (D:8)
  2 phantoms
  An ogre (D:7)
  2 sky beasts (D:5)
  3 bullfrogs
  A scorpion (D:4)
  6 killer bees (D:7)
  3 howler monkeys
  4 crimson imps
  A bullfrog zombie (D:4)
  A centaur zombie (D:8)
  2 hounds
  A centaur skeleton (D:8)
  9 orc priests
  2 bullfrog skeletons (D:7)
  2 iguanas
  8 orc wizards
  A worker ant (D:4)
  3 adders
  8 gnolls
  A river rat (D:8)
  An ooze (D:5)
  2 adder skeletons
  A worm (D:3)
  2 dart slugs
  12 leopard geckos
  22 orcs
  A ball python (D:2)
  10 bats
  3 giant cockroaches
  11 goblins
  5 hobgoblins
  10 jackals
  4 kobolds
  3 quokkas
  5 frilled lizards
  A giant cockroach zombie (D:6)
  A jackal skeleton (D:7)
  A leopard gecko skeleton (D:7)
  A quokka skeleton (D:4)
  4 rats
177 creatures vanquished.

Vanquished Creatures (others)
  A sky beast (D:7)
  A bush (D:8)
  2 fungi (D:8)
  4 plants (D:8)
  4 starspawn tentacles (Abyss:1)
12 creatures vanquished.

Grand Total: 189 creatures vanquished

Notes
Turn   | Place    | Note
-------+----------+-------------------------------------------
     0 | Abyss:1  | Gargoyl the Ghoul Abyssal Knight began the quest for the Orb.
     0 | Abyss:1  | Reached XP level 1. HP: 19/19 MP: 1/1
     1 | Abyss:1  | Noticed a tentacled starspawn
    70 | Abyss:2  | Noticed a ynoxinul
   141 | Abyss:3  | Noticed an efreet
   145 | Abyss:3  | Noticed a fire giant skeleton
   149 | D:1      | Escaped the Abyss
   358 | D:1      | Reached XP level 2. HP: 26/26 MP: 2/2
   401 | D:1      | Reached skill level 2 in Axes
   635 | D:1      | Reached * piety under Lugonu
   877 | D:1      | Reached XP level 3. HP: 31/33 MP: 3/3
  1165 | D:2      | Reached skill level 1 in Dodging
  1442 | D:2      | Reached XP level 4. HP: 40/40 MP: 4/4
  2065 | D:3      | Reached XP level 5. HP: 47/47 MP: 5/5
  2318 | D:3      | Reached ** piety under Lugonu
  2457 | D:4      | Reached skill level 3 in Axes
  2507 | D:4      | Reached XP level 6. HP: 50/53 MP: 7/7
  2555 | D:4      | Found Noonasm's Antique Weapon Shoppe.
  2581 | D:4      | Bought a runed war axe for 209 gold pieces
  2599 | D:4      | Reached skill level 4 in Axes
  2696 | D:4      | Noticed a phantom
  2729 | D:4      | Killed a phantom
  2729 | D:4      | Reached XP level 7. HP: 38/60 MP: 8/8
  3176 | D:5      | Entered Level 5 of the Dungeon
  3440 | D:5      | Found Lang's Distillery.
  3486 | D:5      | Reached skill level 5 in Fighting
  3572 | D:5      | Found a staircase to the Ecumenical Temple.
  3680 | D:5      | Reached skill level 5 in Axes
  3680 | D:5      | Reached XP level 8. HP: 55/68 MP: 9/9
  3987 | D:5      | Reached *** piety under Lugonu
  4285 | D:6      | Reached skill level 5 in Armour
  4655 | D:6      | Noticed a hippogriff
  4674 | D:6      | Killed a hippogriff
  4737 | D:6      | Noticed a hornet
  4749 | D:6      | Killed a hornet
  5178 | D:6      | Reached XP level 9. HP: 75/75 MP: 11/11
  5279 | D:6      | Reached skill level 5 in Invocations
  5491 | D:7      | Reached skill level 6 in Axes
  6104 | D:7      | Reached skill level 7 in Axes
  6378 | D:8      | Reached **** piety under Lugonu
  6599 | D:8      | Reached XP level 10. HP: 43/84 MP: 13/13
  6621 | D:8      | Reached skill level 8 in Axes
  6644 | D:8      | HP: 1/84 [porcupine's spines (14)]
  6646 | D:8      | Slain by a yak

Skill      XL: |  1  2  3  4  5  6  7  8  9 10 |
---------------+-------------------------------+-----
Armour         | 2 3 4 5 7 |  7.8
Axes           | 2 3 4 5 7 8 |  8.3
Fighting       | 4 5 6 |  6.9
Dodging        | 1 2 |  2.8
Invocations    | 3 4 6 |  6.7
Throwing       | |  0.3

Action                   |  1- 3 |  4- 6 |  7- 9 | 10-12 || total
-------------------------+-------+-------+-------+-------++-------
Melee: Hand axe          |    92 |   141 |   420 |    40 ||   693
Throw: Tomahawk          |       |       |     2 |       ||     2
Invok: Depart the Abyss  |     1 |       |       |       ||     1
       Banish            |       |       |     1 |       ||     1
  Use: Scroll            |     4 |    10 |     7 |       ||    21
       Potion            |       |       |    11 |     2 ||    13
  Eat: Chunk             |    10 |    22 |    43 |       ||    75
       Meat ration       |       |       |     1 |       ||     1
Armor: Leather armour    |    35 |    18 |       |       ||    53
       Ring mail         |       |    43 |       |       ||    43
       Chain mail        |       |       |   124 |       ||   124
       Plate armour      |       |       |   181 |    18 ||   199
Dodge: Dodged            |    92 |    91 |   159 |    13 ||   355
